Unix NetHack Version 3.7.0-88 Work-in-progress - last build Aug 21 2023 04:08:40 (b68ccb3e4f8f5dcb83e1e40b1ff56e7dffd4cd28,branch:master). Game began 2023-08-02 17:23:39, ended 2023-08-26 16:05:00. spontiff, neutral male gnomish Healer --- --- --- ------ |)----.-- -----"-- # |))..-- |>......------..".."| ####*# |.....| ---- --.)...........---.-- #** # --...-- ----..------------ --...---------- --- # # ##-.-- |................--- |.--- **# #-##.| |.....----------...---- --.| ---#*#*# 0 #...--- --.|.)| ---|........---|(.| |..####*##-- 0 ---.....| ----.| --.--...........|.-- |...-###-..|##*|.....#.----- ---- |*| |.................| ------ --- ##....-#...---##..)^-#.....| --..--|.| |..............T..-----....| -##.-- *####.....*...##.#..|-----.| |....--.-- ---*---............|......------ |.)..| #####-..--....##.(#.| |.| |........| --- --.--..).......[....--|..---[..-- 0*# #---|.....|.#-.| |.--|.---..[.| ---|................--*....[..| -#-- --..........| |...|.| |..|.|-- --.....................[T...| |..-----..0..^...--- |.....| ----.|.-- |.............|..*...*..f...| |.....|.......^..| --..-------.....| --........---.---....R@[..|..| -----............| ------..|......| --.........| --- ----..<..----- ----.......--- |..........| |..........| ----..| ---.|.--- --.--.|.|.-- -----.--..-- ---- ----- ---------- ------- Spontiff the Rhizotomist St:18/02 Dx:6 Co:18 In:12 Wi:18 Ch:16 Neutral S:782 Dlvl:8 $:0 HP:0(82) Pw:7(7) AC:-18 Xp:1/8 T:51543 Latest messages: The straw golem hits again! The disenchanter hits! The kitten bites the giant bat. The giant bat bites the kitten. What do you want to use or apply? [cfklostwxzD or ?*] o You produce a strange whistling sound. Two creatures shift locations. The straw golem misses! The straw golem misses! The kitten bites the giant bat. The giant bat misses the kitten. The giant bat misses! The disenchanter hits! Your pair of low boots seems less effective. The kitten misses the giant bat. The giant bat misses! What do you want to use or apply? [cfklostwxzD or ?*] o You produce a strange whistling sound. Two creatures shift locations. The straw golem misses! The straw golem misses! The rock troll swings her curved sword at the giant bat. The rock troll hits the giant bat. The giant bat is killed! The disenchanter hits! What do you want to use or apply? [cfklostwxzD or ?*] o You produce a strange whistling sound. Two creatures shift locations. The straw golem just misses! The straw golem misses! The rock troll swings her curved sword at the straw golem. The rock troll hits the straw golem. The straw golem is destroyed! The disenchanter hits! What do you want to use or apply? [cfklostwxzD or ?*] o You produce a strange whistling sound. Two creatures shift locations. The disenchanter hits! What do you want to use or apply? [cfklostwxzD or ?*] o You produce a strange whistling sound. Two creatures shift locations. The disenchanter hits! What do you want to use or apply? [cfklostwxzD or ?*] o You produce a strange whistling sound. Two creatures shift locations. The disenchanter hits! The disenchanter hits! You die... Do you want your possessions identified? [ynq] (y) y Do you want to see the dungeon overview? [ynq] (y) y Inventory: Amulets A - an uncursed amulet of reflection (being worn) Armor h - an uncursed +0 elven leather helm (being worn) a - an uncursed corroded +0 orcish helm g - a blessed +0 pair of leather gloves (being worn) v - a blessed +0 pair of low boots (being worn) r - an uncursed +1 small shield (being worn) q - a blessed +0 elven cloak (being worn) u - an uncursed +0 Hawaiian shirt with an orchid motif (being worn) d - a blessed +2 gray dragon scale mail (being worn) Comestibles y - an uncursed apple n - an uncursed food ration p - an uncursed tripe ration i - an uncursed lizard corpse Rings R - an uncursed ring of slow digestion (on right hand) Wands D - an uncursed wand of digging (0:4) Tools f - a blessed bag of holding containing 57 items z - an uncursed leash o - a blessed magic whistle w - an uncursed mirror x - an uncursed oil lamp k - an uncursed skeleton key s - an uncursed stethoscope t - an uncursed wet towel named PoSl SITy c - a blessed +0 unicorn horn Gems/Stones E - an uncursed topaz stone l - an uncursed luckstone Contents of the bag of holding: 398 gold pieces an uncursed amulet of life saving an uncursed +0 pair of elven boots an uncursed +1 elven cloak an uncursed +2 mummy wrapping an uncursed +0 robe an uncursed berried treasure an uncursed food ration an uncursed lembas wafer 30 uncursed lumps of royal jelly 2 uncursed tripe rations an uncursed lichen corpse 6 uncursed lichen corpses a cursed lizard corpse a blessed scroll of blank paper 12 uncursed scrolls of blank paper 6 cursed scrolls of blank paper a cursed scroll of create monster a blessed scroll of earth 2 uncursed scrolls of identify 3 uncursed scrolls of teleportation 2 uncursed potions of acid a blessed potion of full healing an uncursed potion of gain level an uncursed potion of oil an uncursed potion of paralysis a cursed potion of paralysis 2 potions of holy water a potion of unholy water an uncursed ring of cold resistance an uncursed ring of levitation an uncursed ring of poison resistance an uncursed ring of searching a blessed wand of digging (0:4) an uncursed wand of make invisible (0:8) an uncursed wand of opening (0:5) an uncursed wand of sleep (0:0) an uncursed wand of speed monster (0:5) an uncursed wand of speed monster (0:5) an uncursed wand of speed monster (0:4) an uncursed wand of striking (0:7) an uncursed wand of striking (0:6) an empty cursed sack an uncursed expensive camera (0:1) an uncursed magic marker (0:81) an uncursed mirror an uncursed +0 pick-axe an uncursed +0 unicorn horn an uncursed agate stone 2 uncursed amethyst stones 2 uncursed diamonds 3 uncursed emeralds 3 uncursed fluorite stones a cursed jade stone an uncursed obsidian stone 2 uncursed rubies an uncursed worthless piece of orange glass Spontiff the Healer's attributes: Background: You were a Rhizotomist, a level 1 male gnomish Healer. You were neutral, on a mission for Hermes who was opposed by Athena (lawful) and Poseidon (chaotic). You were in the Gnomish Mines, on level 8. You entered the dungeon 51543 turns ago. You had 8 experience points, 12 more were needed to attain level 2. Your score was 782 before end-of-game adjustments. Basics: You had 0 out of 82 hit points. You had all 7 energy points (spell power). Your armor class was -18. Your wallet was empty, but you had 398 zorkmids stashed away in your pack. Autopickup was on for '$!/="?' plus thrown, with exceptions. Final Characteristics: Your strength was 18/02 (limit:18/50). Your dexterity was 6 (peak:7, limit:18). Your constitution was 18 (limit:18). Your intelligence was 12 (limit:19). Your wisdom was 18 (limit:18). Your charisma was 16 (limit:18). Final Status: You were not hungry. You were unencumbered. You were empty handed. You were unskilled in bare handed combat. Final Attributes: You were piously aligned. You were magic-protected. You were shock resistant. You were poison resistant. You saw invisible. You were telepathic. You had infravision. You would have confused monsters when hitting them. You were stealthy. You had slower digestion. You had a large defense bonus (+11). You were warded. You had reflection. You were extremely lucky. You had extra luck. Bad luck did not time out for you. Good luck did not time out for you. You are dead. Miscellaneous: You encountered 2 bones levels. Total elapsed playing time was 19 hours, 54 minutes and 45 seconds. Major events: Turn 1: spontiff the neutral male gnomish Healer entered the dungeon 1052: entered the Gnomish Mines 2457: reached Mine Town 3049: made his first wish - "blessed +2 gray dragon scale mail", got "a gray dragon scale mail" 24261: entered Sokoban 24755: completed 1st Sokoban level 25361: completed 2nd Sokoban level 26106: completed 3rd Sokoban level 27605: completed 4th Sokoban level 28810: acquired the Sokoban amulet of reflection 30025: acquired the Mines' End luckstone 34756: Chibougamau, the general store proprietor, has been killed 34817: Izchak, the lighting store proprietor, has been killed 34907: Kediri, the delicatessen proprietrix, has been killed 35318: Rellenk, the hardware store proprietor, has been killed 35392: Cahersiveen, the rare books proprietor, has been killed 36198: Saujon, the antique weapons outlet proprietrix, has been killed 44330: wished for "holy magic whistle", got "a whistle" 51543: killed by a disenchanter Vanquished creatures: 2 blue dragons a green dragon a baby orange dragon 6 shopkeepers an aligned cleric a golden naga a black pudding a watch captain 3 ghosts 2 queen bees a giant mimic a large mimic 7 water demons 2 small mimics an ettin mummy 4 large cats a dwarf ruler 2 tengu a leocrotta an elf mummy a cobra 2 ettin zombies a leather golem 4 watchmen a chameleon 2 giant beetles 4 quivering blobs 2 wolves 6 winter wolf cubs a panther 3 leprechauns an orc-captain an iron piercer 4 giant spiders 2 horses 2 ice vortices 2 black lights 2 vampire bats a forest centaur 2 gnome rulers an orc mummy 2 ogres 2 owlbears 2 werewolves 2 Green-elves 2 lizards a dingo 2 dogs 2 housecats 4 jaguars a dwarf leader a blue jelly 5 white unicorns 4 gray unicorns a black unicorn a dust vortex 2 ravens 2 plains centaurs 3 snakes 11 water moccasins 3 apes a human zombie a rope golem 5 Woodland-elves 2 soldier ants a fire ant 5 bugbears 5 imps a quasit a wood nymph 4 water nymphs 6 mountain nymphs 10 Mordor orcs 2 Uruk-hai 2 orc shamans 10 rock piercers 8 rock moles 2 ponies 5 fog clouds 7 yellow lights 10 shriekers 6 violet fungi 15 gnome leaders 4 gnomish wizards a Kop Lieutenant 2 kobold mummies a black naga hatchling 7 gray oozes 6 elf zombies 3 ghouls 7 straw golems 7 paper golems a baby crocodile 14 giant ants 4 little dogs 22 floating eyes 4 kittens 25 dwarves 8 homunculi 9 kobold leaders 4 kobold shamans 14 hill orcs 19 rothes 8 rabid rats 2 centipedes 8 giant bats 4 monkeys 13 orc zombies 16 dwarf zombies 8 wererats 6 werejackals 24 iguanas 76 killer bees 14 acid blobs 12 coyotes 8 gas spores 17 hobbits 2 manes 8 large kobolds 7 hobgoblins 27 giant rats 19 cave spiders 5 brown molds 9 yellow molds 5 green molds 9 red molds 30 gnomes 16 garter snakes 8 gnome zombies 39 geckos 77 jackals 16 foxes 11 kobolds 34 goblins 20 sewer rats 64 grid bugs 6 bats 49 lichens 14 kobold zombies 64 newts 1164 creatures vanquished. No species were genocided or became extinct. Voluntary challenges: You never hit with a wielded weapon. You read items or engraved 18 times. You engraved Elbereth 1 time. You never genocided any monsters. You never polymorphed an object. You never changed form. You used 2 wishes. You did not wish for any artifacts. You did not violate any of the special Sokoban rules. Achievements: You entered the Gnomish Mines. You entered Minetown. You entered a shop. You entered a temple. You entered Sokoban. You completed Sokoban. You completed the Gnomish Mines. The Dungeons of Doom: levels 1 to 16 Level 1: "Stash" An altar to Hermes. Level 2: Stairs down to The Gnomish Mines. Level 3: An untended shop, a grave. Level 4: A grave. Final resting place for nurdglaw-Tou-Hum-Mal-Neu, killed by a homunculus, while sleeping. Level 5: "magic trap" A general store. Level 6: Level 7: Level 8: "magic trap" Oracle of Delphi. Final resting place for nalzok-Val-Dwa-Fem-Law, killed by a horse, while reading a book, puncake-Rog-Orc-Mal-Cha, killed by a jaguar. Level 9: Some altars, a grave. Stairs up to Sokoban, level 8. Level 10: Level 11: A fountain. Level 12: Level 13: A fountain. Level 14: An altar to Hermes, some fountains. Level 15: A fountain, a grave. Summoned by Hippocrates. Portal to The Quest. Level 16: The Gnomish Mines: levels 3 to 11 Level 3: Level 4: Level 5: Many shops, a temple to Hermes. Level 6: Level 7: Level 8: "Polytrap; magic trap" <- You were here. Final resting place for you, killed by a disenchanter. Level 9: Level 10: "Polytrap, V about" Level 11: "Polytrap, Balrog about" The Quest: Level 1: An altar to Hermes, a throne. Home. Sokoban: levels 8 up to 5 Level 5: Solved. Level 6: Solved. Level 7: Solved. Level 8: Solved. Game over: ---------- / \ / REST \ / IN \ / PEACE \ / \ | spontiff | | 398 Au | | killed by a | | disenchanter | | | | | | 2023 | *| * * * | * _________)/\\_//(\/(/\)/\//\/|_)_______ Goodbye spontiff the Healer... You died in The Gnomish Mines on dungeon level 8 with 782 points, and 398 pieces of gold, after 51543 moves. You were level 1 with a maximum of 82 hit points when you died.